Map: Efflorescence LE

Players

Massa

  • Race: Terran Terran
  • League: Platinum
  • Spawn Location: 9:00

qqq

  • Race: Zerg Zerg
  • Spawn Location: 6:00

Relax - Winner!

  • Race: Terran Terran
  • League: Diamond
  • Spawn Location: 3:00

maniachillo - Winner!

  • Race: Terran Terran
  • League: Diamond
  • Spawn Location: 12:00

VOD

Have the link to the VOD?

Description

Time

  • Played on: Feb. 28, 2021, 8:02 a.m.
  • Length: 12:58
Show
View Real Time Build Order
Export as new Build Order

Massa Terran 

Build Orders:  

Get SALT Encoding   

  12  0:00  SCV  
  13  0:12  SCV  
  14  0:18  Supply Depot  
  14  0:24  SCV  
  15  0:39  SCV  
  15  0:41  Barracks  
  16  0:47  Refinery  
  16  0:51  SCV  
  17  0:58  Supply Depot  
  17  1:04  SCV  
  18  1:16  SCV  
  19  1:22  Barracks  
  19  1:29  SCV  
  20  1:37  Barracks  
  20  1:41  Reaper  
  21  1:49  Orbital Command  
  21  2:09  Marine  
  21  2:12  Marine  
  21  2:14  Supply Depot  
  23  2:23  Barracks Tech Lab  
  23  2:26  Marine  
  24  2:30  Marine  
  25  2:44  Marine  
  25  2:48  Marine  
  25  2:50  Stimpack  
  28  2:52  Marauder  
  29  2:59  Supply Depot  
  29  3:02  Marine  
  30  3:06  Marine  
  31  3:14  Marauder  
  33  3:20  Marine  
  33  3:24  Marine  
  33  3:26  Factory  
  35  3:35  Marauder  
  35  3:38  Marine  
  38  3:42  Marine  
  39  3:53  SCV  
  40  3:55  Supply Depot  
  40  3:57  Command Center  
  40  3:58  Engineering Bay  
  40  3:59  Marine  
  40  4:00  Marine  
  38  4:17  Marauder, Marine x2  
  42  4:35  Marine x2  
  44  4:39  Marauder  
  40  4:52  Marine  
  40  4:53  Marine  
  38  5:00  Marauder  
  38  5:10  Marine  
  38  5:11  Marine  
  35  5:21  Marauder  
  35  5:28  Marine  
  35  5:29  Marine  
  35  5:30  Factory Tech Lab  
  35  5:31  SCV  
  35  5:33  Orbital Command  
  38  5:43  SCV, Marauder  
  37  5:56  SCV  
  35  5:57  Marine  
  35  6:01  Barracks Reactor  
  35  6:02  Terran Infantry Weapons Level 1  
  35  6:04  Marauder  
  35  6:06  Refinery  
  35  6:07  Armory  
  35  6:08  SCV  
  35  6:10  SCV  
  39  6:12  Refinery  
  39  6:15  Marine  
  39  6:17  Supply Depot  
  40  6:19  Refinery, Missile Turret  
  40  6:20  SCV  
  40  6:22  SCV  
  40  6:25  Marine  
  43  6:32  Marine  
  43  6:36  SCV x2  
  46  6:47  Siege Tank  
  49  6:48  SCV  
  49  6:50  Combat Shield  
  50  7:03  Missile Turret  
  50  7:06  Barracks Reactor  
  50  7:08  Sensor Tower  
  50  7:12  Missile Turret  
  50  7:14  Missile Turret  
  52  7:16  Marauder, Marine x2  
  54  7:24  SCV x2  
  56  7:31  Supply Depot  
  56  7:34  Marine  
  56  7:36  SCV  
  60  7:37  Marauder  
  60  7:38  Marine  
  60  7:51  Marine  
  63  7:58  Marauder  
  63  8:08  Marine x3  
  63  8:09  Marine  
  63  8:10  Siege Tank  
  70  8:16  Concussive Shells  
  70  8:19  Starport  
  72  8:20  Marauder  
  72  8:26  Marine  
  74  8:27  SCV x2  
  74  8:31  Terran Infantry Weapons Level 2  
  75  8:35  Terran Vehicle And Ship Armor Level 1  
  75  8:39  SCV x2  
  77  8:51  SCV x2, Siege Tank  
  77  8:53  Marine  
  77  8:54  Marauder  
  86  8:58  Marine  
  86  9:05  Barracks Reactor  
  86  9:12  Supply Depot  
  86  9:15  Supply Depot x2  
  86  9:18  Supply Depot  
  86  9:21  Medivac x2  
  86  9:22  SCV x2  
  86  9:24  Barracks  
  92  9:28  Barracks  
  92  9:42  Starport  
  92  9:44  Marine x2  
  94  9:51  Medivac x2  
  98  10:02  Command Center  
  98  10:03  Siege Tank  
  96  10:27  Engineering Bay  
  96  10:28  Missile Turret  
  96  10:33  Supply Depot  
  96  10:34  Supply Depot  
  78  10:58  Barracks Tech Lab x2, Marauder, Marine  
  78  10:59  Marine x3  
  84  11:06  SCV x2  
  86  11:18  SCV x2  
  79  11:19  Marauder  
  79  11:24  Siege Tank  
  79  11:25  Marauder  
  69  11:26  Marauder  
  69  11:30  Planetary Fortress  
  69  11:40  Marauder  
  69  11:44  Marine  
  69  11:45  Marine x3  
  69  11:46  Marauder  
  79  11:47  Marauder  
  79  11:48  Starport Tech Lab  
  79  11:56  Siege Tank  
  82  12:02  Marauder  
  82  12:08  Marauder x2  
  73  12:15  Marine x2  
  73  12:22  SCV x3  
  66  12:23  Marauder  
  72  12:30  Marauder  
  72  12:34  SCV x2  
  67  12:39  Barracks  
  67  12:42  Barracks  
  63  12:48  Command Center  
Show
View Real Time Build Order
Export as new Build Order

qqq Zerg 

Build Orders: Hatch First 

Get SALT Encoding   

  12  0:01  Drone  
  13  0:12  Drone  
  14  0:26  Overlord  
  14  0:46  Hatchery  
  13  0:51  Drone  
  13  0:54  Drone  
  15  0:58  Drone  
  16  1:14  Drone x2  
  18  1:19  Extractor  
  17  1:35  Drone  
  17  1:36  Drone  
  19  1:42  Spawning Pool  
  19  1:46  Drone  
  19  2:02  Drone  
  19  2:29  Queen x2  
  21  2:31  Drone  
  24  2:39  Metabolic Boost  
  24  2:41  Zergling x2  
  25  2:45  Hatchery  
  22  3:10  Zergling x4  
  22  3:11  Drone x3  
  22  3:12  Zergling x2  
  28  3:27  Overlord  
  28  3:31  Lair  
  28  3:45  Drone  
  28  3:47  Drone, Zergling x2  
  31  3:49  Drone  
  31  3:53  Drone, Zergling x2  
  31  3:54  Zergling x2  
  35  4:00  Drone  
  36  4:04  Zergling x6  
  39  4:18  Zergling x2  
  39  4:19  Zergling x4  
  39  4:22  Overlord x2  
  41  4:40  Zergling x4, Overlord  
  41  4:41  Drone x2, Zergling x2  
  41  4:42  Zergling x2  
  44  4:55  Zergling x6  
  40  5:18  Zergling x16  
  40  5:19  Drone x2, Zergling x2  
  40  5:20  Zergling x2  
  50  5:25  Queen  
  50  5:28  Zergling x4  
  54  5:38  Spire  
  46  5:50  Zergling x8  
  46  5:54  Drone x2  
  46  5:55  Drone x2  
  53  5:58  Spine Crawler  
  52  6:06  Spine Crawler  
  52  6:09  Spine Crawler  
  52  6:10  Drone x2  
  52  6:15  Extractor  
  51  6:19  Spine Crawler  
  51  6:22  Drone  
  51  6:23  Drone x2  
  53  6:29  Drone  
  53  6:30  Drone x2  
  56  6:34  Drone  
  57  6:40  Infestation Pit  
  57  6:43  Drone  
  57  6:45  Overlord  
  57  6:47  Extractor  
  57  6:48  Drone  
  57  6:49  Extractor  
  57  6:52  Zerg Flyer Weapons Level 1  
  56  6:58  Drone, Overlord  
  57  7:03  Mutalisk  
  57  7:05  Mutalisk  
  57  7:07  Mutalisk  
  56  7:48  Mutalisk  
  56  7:51  Mutalisk  
  43  8:11  Drone x3  
  43  8:12  Drone x3  
  49  8:14  Mutalisk  
  49  8:16  Zergling x2  
  49  8:17  Drone x5, Zergling x2, Overlord x2  
  49  8:18  Overlord x2  
  58  8:28  Spine Crawler x2  
  58  8:30  Drone  
  58  8:33  Drone  
  58  8:36  Drone  
  58  8:37  Drone  
  58  8:38  Drone  
  61  8:46  Mutalisk x2  
  65  8:54  Spine Crawler  
  64  9:02  Hive  
  64  9:03  Mutalisk  
  64  9:09  Drone  
  68  9:10  Drone  
  68  9:17  Drone, Mutalisk x2, Spine Crawler  
  68  9:20  Drone x2  
  74  9:26  Overlord  
  74  9:27  Drone x2  
  74  9:31  Pneumatized Carapace  
  76  9:34  Overseer  
  76  9:40  Corruptor  
  78  9:48  Mutalisk  
  78  9:56  Extractor x2, Mutalisk  
  78  10:03  Overlord x3  
  78  10:04  Mutalisk, Overlord  
  80  10:15  Mutalisk  
  82  10:31  Greater Spire  
  67  10:45  Corruptor  
  67  10:46  Mutalisk x2  
  61  11:00  Spine Crawler x2  
  61  11:02  Mutalisk x2  
  61  11:03  Drone x4  
  71  11:04  Drone x5  
  71  11:09  Drone x4  
  76  11:25  Corruptor x2  
  76  11:28  Corruptor  
  76  11:49  Brood Lord  
  76  11:51  Corruptor x2  
  80  12:02  Hatchery  
  80  12:06  Brood Lord  
  81  12:14  Extractor  
  80  12:17  Extractor  
  80  12:20  Brood Lord  
  77  12:30  Brood Lord  
Show
View Real Time Build Order
Export as new Build Order

Relax Terran - Winner!

Build Orders: 2 Factory 

Get SALT Encoding   

  12  0:00  SCV  
  13  0:12  SCV  
  14  0:20  Supply Depot  
  14  0:24  SCV  
  15  0:41  SCV  
  16  0:42  Barracks  
  16  0:49  Refinery  
  16  0:53  SCV  
  17  1:05  SCV  
  18  1:13  Supply Depot  
  18  1:17  SCV  
  19  1:21  Refinery  
  20  1:33  Orbital Command  
  20  1:35  Reaper  
  20  2:00  SCV  
  21  2:07  Factory  
  21  2:08  Barracks Tech Lab  
  21  2:18  SCV  
  22  2:30  SCV  
  22  2:32  Command Center  
  23  2:43  SCV  
  24  2:56  SCV  
  24  3:09  Barracks Reactor, SCV, Factory  
  25  3:21  SCV, Cyclone, Supply Depot  
  29  3:27  Infernal Pre-Igniter  
  29  3:33  SCV  
  30  3:44  SCV  
  30  3:45  SCV  
  32  3:54  Refinery  
  32  3:57  SCV, Cyclone  
  36  4:06  SCV  
  36  4:07  Hellion  
  36  4:08  Hellion  
  41  4:14  Supply Depot  
  41  4:15  SCV  
  42  4:29  Cyclone  
  45  4:36  Hellion  
  45  4:38  Hellion  
  46  4:39  Factory  
  46  4:47  Orbital Command  
  46  4:57  Hellion  
  48  5:01  Cyclone  
  41  5:14  Hellion  
  41  5:15  SCV  
  41  5:20  Hellion  
  44  5:26  Factory Tech Lab  
  44  5:29  SCV  
  44  5:33  Cyclone  
  48  5:36  SCV  
  48  5:41  SCV  
  50  5:44  Armory  
  46  5:57  Cyclone  
  46  5:58  SCV, Hellion  
  52  6:05  Cyclone  
  52  6:09  Hellion  
  52  6:10  SCV  
  58  6:14  Refinery  
  58  6:18  SCV  
  59  6:21  Command Center, Supply Depot  
  59  6:22  SCV  
  60  6:33  Hellion  
  62  6:43  SCV, Hellion, Cyclone  
  62  6:44  Engineering Bay  
  62  6:46  SCV  
  70  7:08  SCV, Supply Depot  
  70  7:09  Supply Depot  
  70  7:11  Terran Vehicle And Ship Armor Level 1  
  70  7:17  Armory  
  70  7:22  Supply Depot  
  70  7:23  SCV, Hellion x2, Cyclone  
  70  7:29  Mag-Field Accelerator  
  78  7:30  Cyclone  
  77  7:45  Hellion  
  77  7:49  Hellion  
  77  7:55  Cyclone  
  64  8:02  Cyclone  
  63  8:06  Hellion  
  63  8:08  Factory  
  63  8:09  Missile Turret  
  63  8:12  Hellion, Missile Turret  
  64  8:21  SCV  
  64  8:26  Planetary Fortress  
  65  8:27  Cyclone  
  65  8:29  SCV  
  65  8:32  Missile Turret  
  69  8:35  Siege Tank  
  72  8:43  SCV x2  
  74  8:55  SCV  
  75  8:58  SCV, Missile Turret  
  75  9:01  Terran Vehicle Weapons Level 1  
  75  9:02  Siege Tank  
  79  9:03  Factory Tech Lab  
  79  9:04  Widow Mine  
  79  9:05  Hellion  
  84  9:10  SCV x3  
  86  9:22  SCV  
  86  9:23  SCV, Sensor Tower  
  88  9:34  SCV  
  89  9:41  Siege Tank  
  89  9:42  Thor  
  89  9:43  Hellion x2  
  102  9:48  Sensor Tower  
  102  9:49  SCV, Sensor Tower  
  102  9:50  SCV x2  
  105  9:54  Thor  
  105  9:59  Missile Turret  
  111  10:14  Siege Tank  
  111  10:15  Hellion  
  111  10:20  SCV  
  117  10:25  Supply Depot  
  117  10:27  Supply Depot  
  117  10:28  Supply Depot  
  117  10:36  Hellion  
  117  10:37  Widow Mine, SCV  
  114  10:49  Command Center  
  96  10:54  Thor, Siege Tank  
  96  10:55  Hellion  
  96  10:56  SCV  
  94  10:58  Refinery, SCV  
  94  10:59  Refinery  
  95  11:08  Thor  
  95  11:09  Hellion  
  97  11:23  Hellion  
  98  11:26  Siege Tank  
  98  11:27  SCV  
  98  11:30  Missile Turret  
  102  11:37  Siege Tank  
  105  11:42  Missile Turret  
  105  11:50  Hellion x2  
  105  11:51  Siege Tank  
  112  11:54  SCV  
  113  12:13  Refinery  
  113  12:17  Refinery  
  113  12:20  Widow Mine, Hellion  
  127  12:39  Missile Turret  
Show
View Real Time Build Order
Export as new Build Order

maniachillo Terran - Winner!

Build Orders: Reaper Expand 

Get SALT Encoding   

  12  0:00  SCV  
  13  0:12  SCV  
  14  0:17  Supply Depot  
  14  0:24  SCV  
  15  0:39  SCV  
  16  0:42  Barracks  
  16  0:48  Refinery  
  16  0:52  SCV  
  17  1:04  SCV  
  18  1:16  SCV  
  19  1:33  Orbital Command  
  19  1:34  Reaper  
  20  1:51  Command Center  
  20  1:59  SCV  
  21  2:08  Marine  
  21  2:12  Factory  
  22  2:17  SCV, Supply Depot  
  23  2:26  Barracks Reactor  
  23  2:47  SCV  
  23  2:49  Refinery  
  24  2:59  Supply Depot  
  24  3:02  SCV  
  25  3:06  Orbital Command  
  25  3:10  Hellion x2  
  29  3:14  Barracks Tech Lab, SCV  
  30  3:26  Starport, SCV  
  31  3:31  Hellion x2  
  35  3:35  SCV  
  35  3:38  SCV  
  37  3:45  Stimpack  
  37  3:48  SCV  
  38  3:51  SCV  
  39  3:56  Marine  
  39  3:57  Supply Depot  
  39  4:00  SCV  
  41  4:03  SCV  
  41  4:06  Liberator  
  45  4:17  Hellion x2, Marine  
  48  4:32  Barracks  
  48  4:33  Barracks  
  48  4:35  Marine  
  48  4:36  SCV, Supply Depot  
  50  4:44  Hellion x2  
  46  4:53  Marauder  
  42  5:00  Starport Reactor  
  42  5:05  Hellion x2  
  41  5:14  Marine  
  40  5:26  SCV x2  
  40  5:30  Widow Mine  
  40  5:33  Marauder  
  40  5:34  Combat Shield  
  40  5:35  Barracks Tech Lab  
  44  5:38  SCV x2  
  45  5:50  SCV  
  45  5:53  Marine  
  47  6:01  SCV  
  47  6:03  Barracks Reactor, SCV  
  49  6:11  Medivac x2  
  49  6:12  Marauder  
  49  6:13  SCV  
  49  6:16  Factory Tech Lab  
  49  6:18  SCV  
  57  6:20  Refinery  
  57  6:21  Refinery  
  57  6:23  Concussive Shells  
  57  6:25  SCV  
  58  6:33  Marine  
  59  6:47  SCV x2  
  59  6:51  Marauder  
  59  6:53  Command Center, Medivac  
  59  6:54  Marine, Engineering Bay, Medivac  
  67  6:57  Engineering Bay  
  68  7:03  Barracks  
  68  7:09  Supply Depot  
  68  7:12  Marine x2  
  70  7:26  Marine  
  70  7:27  Marauder  
  70  7:39  Missile Turret  
  70  7:40  Missile Turret  
  70  7:45  Marauder  
  70  7:48  Marauder  
  61  8:01  Marine x2  
  61  8:05  Siege Tank  
  58  8:06  Marauder  
  58  8:09  Terran Infantry Weapons Level 1  
  58  8:10  Marauder  
  62  8:18  SCV x2  
  62  8:19  Marine  
  65  8:27  Marauder  
  65  8:30  SCV x2  
  65  8:31  Missile Turret  
  69  8:34  Marine x2  
  69  8:36  Marine  
  69  8:39  Planetary Fortress  
  72  8:42  SCV  
  72  8:44  Supply Depot  
  72  8:45  SCV  
  72  8:48  Marine, Missile Turret  
  74  8:51  Terran Infantry Armor Level 1  
  74  8:52  Marine x2, Siege Tank  
  74  8:54  SCV  
  81  8:57  SCV  
  82  9:03  Supply Depot  
  82  9:07  SCV  
  82  9:09  SCV  
  84  9:10  Marine x2  
  84  9:11  Marauder  
  90  9:17  SCV  
  90  9:19  SCV, Supply Depot  
  90  9:21  SCV  
  90  9:22  Armory  
  90  9:23  Medivac  
  95  9:28  Marine x3  
  95  9:29  SCV  
  95  9:30  Siege Tank  
  95  9:31  SCV, Marine  
  101  9:37  SCV  
  103  9:41  SCV  
  103  9:45  Command Center  
  104  9:46  Marine  
  104  9:50  Marine x2  
  104  9:51  Marauder  
  109  9:59  Refinery x2  
  103  10:09  Marauder  
  103  10:10  Marine x2  
  103  10:11  Siege Tank  
  103  10:12  Marauder, Terran Infantry Weapons Level 2  
  103  10:13  Terran Vehicle Weapons Level 1  
  98  10:14  SCV  
  99  10:27  SCV  
  99  10:28  SCV x2  
  102  10:30  Marauder  
  102  10:35  Supply Depot  
  104  10:38  Barracks  
  104  10:40  SCV, Factory, Liberator x2  
  104  10:42  SCV x2  
  113  10:43  Reaper, Marine x2  
  116  10:52  SCV  
  116  10:56  Siege Tank  
  120  11:04  Marauder, Marine x2  
  123  11:05  SCV x2  
  123  11:06  SCV x2  
  128  11:17  SCV  
  128  11:22  Marauder  
  128  11:25  Marine  
  130  11:26  Barracks Tech Lab, Marauder  
  130  11:37  SCV x2  
  131  11:44  Marauder  
  135  11:47  Marauder  
  135  11:53  Marauder, Marine  
  138  11:57  SCV x3  
  138  12:05  Marauder  
  137  12:09  SCV  
  131  12:17  Marine x2  
  131  12:18  Marauder x2, Marine x2  
  131  12:19  Factory Tech Lab, Siege Tank  
  136  12:26  Marauder, Medivac  
  136  12:27  Medivac  
  139  12:35  Marine x3  
  137  12:42  Refinery  
  137  12:43  Refinery  
Tags
 
Add a new tag
Caveats
  • Supply blocks, unpowered buildings, or Contaminate may cause inaccurate times.
  • Supply counts are checked every 10 seconds.